 Dungeon Crawl Stone Soup version 0.24.0-123-gd5b16e6ec5 (webtiles) character file.

Game seed: 10090832771932542460, levelgen mode: deterministic

2067 Jynx the Basher (level 9, -4/70 HPs)
             Began as a Minotaur Fighter on Jan 18, 2020.
             Slain by Duvessa
             ... wielding a +2 rapier of speed
              (11 damage)
             ... on level 6 of the Dungeon.
             The game lasted 00:07:27 (4919 turns).

Jynx the Basher (Minotaur Fighter)                  Turns: 4919, Time: 00:07:27

Health: -4/70      AC: 11    Str: 20 (21) XL:     9   Next: 5%
Magic:  8/8        EV:  9    Int:  4 (5)  God:
Gold:   157        SH:  0    Dex: 12 (13) Spells: 8/8 levels left

rFire    . . .     SeeInvis +   t - +1 morningstar
rCold    . . .     Gourm    .   (no shield)
rNeg     . . .     Faith    .   b - +1 scale mail
rPois    .         Spirit   .   j - +1 hat
rElec    .         Reflect  .   s - +0 cloak
rCorr    .         Harm     .   (no gloves)
MR       .....                  r - +0 pair of boots
Stlth    ..........             (no amulet)
HPRegen  0.21/turn              k - ring of see invisible
MPRegen  0.11/turn              (no ring)

@: no status effects
A: retaliatory headbutt, horns 2
a: no special abilities


You were on level 6 of the Dungeon.
You were not hungry.

You visited 1 branch of the dungeon, and saw 6 of its levels.

You collected 157 gold pieces.

Inventory:

Hand Weapons
 t - a +1 morningstar (weapon)
Armour
 b - a +1 scale mail (worn)
 c - a +0 shield
 j - a +1 hat (worn)
 r - a +0 pair of boots (worn)
 s - a +0 cloak (worn)
Jewellery
 a - an uncursed ring of protection from magic {unknown}
 e - an uncursed ring of protection from magic {unknown}
 k - a ring of see invisible (left hand)
 o - an uncursed ring of see invisible
 u - an uncursed ring of positive energy {unknown}
Scrolls
 v - a scroll of remove curse
 w - a scroll of fog {unknown}
Potions
 g - a potion of degeneration
 h - a potion of magic
 i - a potion of haste {unknown}
 l - a potion of agility {unknown}
 m - 3 potions of flight {unknown}
 n - 2 potions of heal wounds {unknown}
 q - 4 potions of curing {unknown}
Comestibles
 f - 13 rations


   Skills:
 - Level 3.6 Fighting
 * Level 13.7 Maces & Flails
 - Level 3.6 Armour
 - Level 3.6 Shields


You had 8 spell levels left.
You didn't know any spells.
Your spell library contained the following spells:

 Spells                   Type           Power        Failure   Level  Hunger
 Beastly Appendage        Tmut           #.....       85%         1    ##.....
 Sticks to Snakes         Tmut           #.......     94%         2    ###....
 Spider Form              Tmut/Pois      #.........   99%         3    ####...
 Ice Form                 Ice/Tmut       #.......     100%        4    #####..
 Blade Hands              Tmut           #.........   100%        5    ######.


Dungeon Overview and Level Annotations

Branches:
Dungeon (6/15)
 Temple: D:4-7

Altars:
Ru

Annotations:
D:6 Dowan, Duvessa


Innate Abilities, Weirdness & Mutations

You reflexively headbutt those who attack you in melee.
You have a pair of horns on your head.


Message History

Dowan gestures wildly while chanting.
Dowan blinks!
You closely miss Duvessa.
Duvessa is heavily wounded.
Duvessa hits you with a +2 rapier of speed!
* * * LOW HITPOINT WARNING * * *
Dowan cries in horror.
Dowan mumbles some strange words.
Dowan blinks!
Duvessa hits you but does no damage.
Unknown command.
It was a potion of degeneration.
There was something very wrong with that liquid.
You feel weakened.
You feel dopey.
You feel clumsy.
Duvessa hits you with a +2 rapier of speed!
* * * LOW HITPOINT WARNING * * *
Dowan mumbles some strange words.
Dowan blinks!
It was a potion of magic.
Magic courses through your body.
Duvessa hits you with a +2 rapier of speed!
You die...

#.......#
#.#..#..# .
#.#..#..##..
##..........
###.#§.##..##.
........§...#
####.[..?...#
####..####
##@# #e# .§.
..... #.....#
#.....#
#.....#
#######


You could see Duvessa (berserk).

Vanquished Creatures
  Grinder (D:4)
  Sigmund (D:6)
  Eustachio (D:4)
  An orc warrior (D:5)
  2 ice beasts
  A phantom (D:5)
  2 ogres
  A centaur (D:6)
  A bullfrog (D:6)
  A scorpion (D:5)
  3 crimson imps (D:5)
  6 orc wizards
  4 orc priests
  6 worker ants
  Natasha (twice) (D:2)
  5 adders
  2 shadow imps (D:5)
  An ooze (D:3)
  An adder zombie (D:5)
  An adder skeleton (D:6)
  4 worms
  3 dart slugs (D:1)
  6 leopard geckos
  26 orcs
  8 bats
  9 giant cockroaches
  6 goblins
  7 hobgoblins
  15 jackals
  10 kobolds
  3 quokkas
  A ball python (D:6)
  6 frilled lizards
  2 jackal skeletons
  A quokka skeleton (D:4)
  6 rats
156 creatures vanquished.

Notes
Turn   | Place    | Note
-------+----------+-------------------------------------------
     0 | D:1      | Jynx the Minotaur Fighter began the quest for the Orb.
     0 | D:1      | Reached XP level 1. HP: 19/19 MP: 0/0
    47 | D:1      | Reached skill level 3 in Maces & Flails
    74 | D:1      | Reached XP level 2. HP: 22/26 MP: 1/1
   332 | D:1      | Reached skill level 4 in Maces & Flails
   431 | D:1      | Reached XP level 3. HP: 28/31 MP: 2/2
  1174 | D:2      | Noticed Natasha
  1183 | D:2      | Killed Natasha
  1183 | D:2      | Reached skill level 5 in Maces & Flails
  1183 | D:2      | Reached XP level 4. HP: 30/39 MP: 3/3
  1434 | D:2      | Noticed Natasha
  1438 | D:2      | Killed Natasha
  1438 | D:2      | Reached skill level 6 in Maces & Flails
  1452 | D:2      | Reached XP level 5. HP: 45/45 MP: 4/4
  1778 | D:3      | Found a sacrificial altar of Ru.
  2036 | D:3      | Reached skill level 7 in Maces & Flails
  2350 | D:3      | Reached XP level 6. HP: 37/51 MP: 5/5
  2574 | D:4      | Noticed Eustachio
  2585 | D:4      | Killed Eustachio
  2585 | D:4      | Reached skill level 8 in Maces & Flails
  2720 | D:4      | Reached skill level 9 in Maces & Flails
  2727 | D:4      | Reached XP level 7. HP: 47/57 MP: 6/6
  2971 | D:4      | Reached skill level 10 in Maces & Flails
  3042 | D:4      | Noticed Grinder
  3055 | D:4      | Killed Grinder
  3258 | D:4      | Reached skill level 11 in Maces & Flails
  3344 | D:4      | Reached XP level 8. HP: 64/64 MP: 7/7
  3598 | D:5      | Entered Level 5 of the Dungeon
  3847 | D:5      | Reached skill level 12 in Maces & Flails
  4565 | D:6      | Noticed Sigmund
  4572 | D:6      | Killed Sigmund
  4572 | D:6      | Reached skill level 13 in Maces & Flails
  4690 | D:6      | Reached XP level 9. HP: 56/70 MP: 8/8
  4906 | D:6      | Noticed Duvessa
  4906 | D:6      | Noticed Dowan
  4919 | D:6      | Slain by Duvessa

Levels and vault maps discovered:
D:1:      minmay_arrival_shattered_statue, layout_basic, serial_forest,
          infiniplex_forest_clump_small, infiniplex_forest_clump_medium,
          infiniplex_forest_lined_2, infiniplex_forest_clump_small,
          infiniplex_forest_side_room, infiniplex_forest_end_2,
          infiniplex_forest_lined_3_way, infiniplex_forest_lined_2,
          infiniplex_forest_straight_3, st_stairs_12
D:2:      layout_basic, minmay_misc_feat_hallway, uniq_natasha
D:3:      layout_loops_ring, nicolae_ru_sacrificial_ziggurat
D:4:      layout_loops_ring, uniq_eustachio, uniq_grinder
D:5:      layout_basic, first_ration
D:6:      layout_loops_cross, grunt_temple_overflow_cloverleaf,
          minmay_temple_entry_glassed_door, patterned_corridor, uniq_duvessa,
          uniq_sigmund, uniq_blork_the_orc

Skill      XL: |  1  2  3  4  5  6  7  8 |
---------------+-------------------------+-----
Maces & Flails | 3 4 5 6 7 9 11 13 | 13.7
Fighting       | |  3.6
Armour         | |  3.6
Shields        | |  3.6

Action                   |  1- 3 |  4- 6 |  7- 9 || total
-------------------------+-------+-------+-------++-------
Melee: Flail             |    78 |    74 |       ||   152
       Headbutt          |    11 |    33 |    37 ||    81
       Morningstar       |       |    44 |   189 ||   233
  Use: Scroll            |       |     7 |     3 ||    10
       Potion            |       |       |     3 ||     3
  Eat: Chunk             |     1 |     5 |     7 ||    13
Armor: Scale mail        |    49 |    48 |    72 ||   169
Dodge: Dodged            |    35 |    34 |    76 ||   145
